 Dungeon Crawl Stone Soup version 0.30-a0-368-g86fb4627a9 (webtiles) character file.

Game seed: 17860660472643515222

72 retardedninja the Covered (level 4, -8/41 HPs)
             Began as a Minotaur Fighter on Nov 18, 2022.
             Mangled by Crazy Yiuf
             ... wielding a +2 quarterstaff of chaos
              (9 damage)
             ... on level 2 of the Dungeon.
             The game lasted 00:01:51 (1834 turns).

retardedninja the Covered (Minotaur Fighter)        Turns: 1834, Time: 00:01:52

Health: -8/41      AC:  8    Str: 23    XL:     4   Next: 7%
Magic:  3/3        EV:  9    Int:  5    God:
Gold:   125        SH:  4    Dex:  9    Spells: 3/3 levels left

rFire   . . .      SeeInvis .    a - +0 war axe
rCold   . . .      Faith    .    c - +0 buckler
rNeg    . . .      Spirit   .    b - +0 scale mail
rPois   .          Reflect  .    (helmet restricted)
rElec   .          Harm     .    (no cloak)
rCorr   .          Rampage  .    l - +0 pair of gloves
Will    .....                    (no boots)
Stlth   ..........               (no amulet)
HPRegen 0.26/turn                (no ring)
MPRegen 0.08/turn                (no ring)

@: no status effects
A: horns 2, retaliatory headbutt
a: no special abilities


You were on level 2 of the Dungeon.
You visited 1 branch of the dungeon, and saw 2 of its levels.

You collected 125 gold pieces.

Inventory:

Hand Weapons
 a - a +0 war axe (weapon)
Missiles
 j - 2 throwing nets (quivered)
Armour
 b - a +0 scale mail (worn)
 c - a +0 buckler (worn)
 l - a +0 pair of gloves (worn)
Jewellery
 g - a ring of flight
 q - a ring of fire
Wands
 o - a wand of iceblast (9)
Scrolls
 f - 3 scrolls of identify {unknown}
 h - a scroll of fear {unknown}
 k - 2 scrolls of magic mapping {unknown}
 n - 2 scrolls of enchant armour {unknown}
 p - a scroll of teleportation {unknown}
 s - a scroll of blinking {unknown}
Potions
 d - a potion of might
 e - 2 potions of flight {unknown}
 i - a potion of brilliance {unknown}
 m - a potion of haste {unknown}
 r - a potion of attraction {unknown}
 t - a potion of invisibility {unknown}


   Skills:
 + Level 4.3 Fighting
 + Level 3.3 Axes
 + Level 4.3 Armour
 + Level 4.3 Shields


You had 3 spell levels left.
You didn't know any spells.
Your spell library contained the following spells:

 Spells                   Type           Power      Damage    Failure   Level
 Magic Dart               Conj           0%         1d3       86%         1
 Call Imp                 Summ           0%         N/A       95%         2
 Mephitic Cloud           Conj/Pois/Air  0%         N/A       99%         3


Dungeon Overview and Level Annotations

Branches:
Dungeon (2/15)

Altars:

Shops:
D:2 *

Annotations:
D:2 Crazy Yiuf


Innate Abilities, Weirdness & Mutations

You have a pair of horns on your head.
You reflexively headbutt those who attack you in melee.


Message History

Key pressed, stopping explore.
A rat comes into view.
Found a stone staircase leading up.
A rat is nearby!
A rat is nearby!
You slash the rat!
You kill the rat!
No target in view!
You now have 125 gold pieces (gained 5).
You see here a +0 hand axe.
Key pressed, stopping explore.
Key pressed, stopping explore.
Key pressed, stopping explore.
Key pressed, stopping explore.
Key pressed, stopping explore.
Key pressed, stopping explore.
Key pressed, stopping explore.
Key pressed, stopping explore.
Key pressed, stopping explore.
Key pressed, stopping explore.
Key pressed, stopping explore.
Crazy Yiuf shouts!
Crazy Yiuf screams, "East sing sizzlefizz!"
Could not explore, unopened runed door.
Could not explore, unopened runed door.
Could not explore, unopened runed door.
You open the door.
Crazy Yiuf zaps a wand.
The bolt of dispelling energy hits you!
Crazy Yiuf zaps a wand.
The bolt of dispelling energy hits you!
There is an open translucent door here.
You closely miss Crazy Yiuf.
Crazy Yiuf hits you with a +2 quarterstaff of chaos!
You slash Crazy Yiuf!
Crazy Yiuf is heavily wounded.
Crazy Yiuf says, "Crazy?
Crazy!?
PORCUPINE!"
Crazy Yiuf zaps a wand.
The bolt of dispelling energy hits you!
* * * LOW HITPOINT WARNING * * *
Crazy Yiuf laughs, "Scoff stair Hive!"
Crazy Yiuf hits you with a +2 quarterstaff of chaos!
You die...

#.# # #.# #### #.#
#... ### #.## #.# #
###♣♣♣♣♣ ########.# #
##.#..♣.♣♣♣ ####
#......#.## ##
##......♣..♣#...#
######.#.##
.####....PP♣♣♣♣.@g..#
#.#... .#(.....#.♣♣
♣♣#..)# #.####
.#.######♣♣ ####
#.#... .#.# #.#.##
...### #..... #....##
###... ......######
##... ......#....#
#####).#.
...........#
###......#.


You could see Crazy Yiuf.

Vanquished Creatures
  2 adders (D:2)
  A worm (D:2)
  3 dart slugs
  4 endoplasms
  2 giant cockroaches
  3 goblins
  2 hobgoblins (D:1)
  8 jackals
  3 ball pythons
  4 bats
  4 frilled lizards
  4 kobolds (D:2)
  3 rats
43 creatures vanquished.

Notes
Turn   | Place    | Note
-------+----------+-------------------------------------------
     0 | D:1      | retardedninja the Minotaur Fighter began the quest for the
                  | Orb.
     0 | D:1      | Reached XP level 1. HP: 19/19 MP: 0/0
    70 | D:1      | Reached XP level 2. HP: 21/27 MP: 1/1
   762 | D:2      | Reached XP level 3. HP: 30/33 MP: 2/2
   876 | D:2      | Found a runed translucent door.
   877 | D:2      | Noticed Crazy Yiuf
  1379 | D:2      | Found Orozol's Assorted Antiques.
  1467 | D:2      | Reached XP level 4. HP: 40/40 MP: 3/3
  1834 | D:2      | HP: 1/41 [Crazy Yiuf/bolt of dispelling energy (14)]
  1834 | D:2      | Mangled by Crazy Yiuf

Illustrated notes

Levels and vault maps discovered:
D:1:      roderic_octagonal_star, layout_basic, serial_park_tiny_pond,
          patterned_corridor
D:2:      layout_basic, serial_shops, nicolae_shop_overgrown_old_shop,
          mrwooster_statue_mirror, serial_bayou_pond_e, uniq_crazy_yiuf_cottage

Skill      XL: |  1  2 |
---------------+-------+-----
Armour         | 4 |  4.3
Shields        | 4 |  4.3
Fighting       | 4 |  4.3
Axes           | 3 |  3.3

Action                   |  1- 3 |  4- 6 || total
-------------------------+-------+-------++-------
Melee: War axe           |    77 |     3 ||    80
       Headbutt          |    14 |       ||    14
Armor: Scale mail        |    51 |       ||    51
Dodge: Dodged            |    28 |       ||    28
Block: Buckler           |    17 |       ||    17

Table legend: (Time is in decaauts)
 A = Elapsed time spent in this place.
 B = Non-inter-level travel time spent in this place.
 C = Inter-level travel time spent in this place.
 D = Time resting spent in this place.
 E = Time spent auto-exploring this place.
 F = Levels seen in this place.
 G = Mean time per level.
                   A        B        C        D        E       F      G
               +--------+--------+--------+--------+--------+-----+--------+
         Total |   1864 |   1856 |      8 |      0 |   1614 |   2 |  932.0 |
       Dungeon |   1864 |   1856 |      8 |      0 |   1614 |   2 |  932.0 |
               +--------+--------+--------+--------+--------+-----+--------+

Top non-repeatable levels by time:
     D:2: 1120 daAuts
     D:1: 744 daAuts
